 Dungeon Crawl Stone Soup version 0.29.0-11-gd7f09526c8 (webtiles) character file.

Game seed: 4323262189051581062

12716 SensoryNuts the Carver (level 11, -1/84 HPs)
             Began as a Demonspawn Fighter on Sept 4, 2022.
             Slain by a komodo dragon (19 damage)
             ... on level 1 of the Lair of Beasts.
             The game lasted 00:15:17 (12533 turns).

SensoryNuts the Carver (Demonspawn Fighter)        Turns: 12533, Time: 00:15:17

Health: -1/84      AC: 15    Str: 19    XL:     11   Next: 66%
Magic:  0/2        EV: 12    Int: 11    God:
Gold:   681        SH: 11    Dex: 25    Spells: 10/10 levels left

rFire   + . .      SeeInvis .   o - +2 scimitar (flame)
rCold   + + .      Faith    .   c - +0 buckler
rNeg    . . .      Spirit   +   b - +0 scale mail
rPois   .          Reflect  .   (no helmet)
rElec   .          Harm     .   k - scarf {rC+ rF+}
rCorr   .          Rampage  .   d - +1 pair of gloves
Will    +....                   C - +0 pair of boots
Stlth   +.........              q - amulet of regeneration
HPRegen 1.04/turn               g - ring "Riorgheyg" {Will+ MP-9 Str+3 Dex+3}
MPRegen 0.16/turn               r - +6 ring of dexterity

@: no status effects
A: icy blue scales 3, magic shield, magic regeneration, condensation shield,
demonic touch 1
a: no special abilities


You were on level 1 of the Lair of Beasts.
You visited 3 branches of the dungeon, and saw 11 of its levels.
You also visited: Bailey.

You collected 681 gold pieces.

Inventory:

Hand Weapons
 a - a +1 spectral long sword
 o - a +2 scimitar of flaming (weapon)
Armour
 b - a +0 scale mail (worn)
 c - a +0 buckler (worn)
 d - a +1 pair of gloves (worn)
 k - a scarf of resistance (worn)
 C - a +0 pair of boots (worn)
Jewellery
 g - the ring "Riorgheyg" (left hand) {Will+ MP-9 Str+3 Dex+3}
   (You found it on level 4 of the Dungeon)

   [ring of willpower]

   Str:       It affects your strength (+3).
   Dex:       It affects your dexterity (+3).
   MP:        It affects your magic capacity (-9).
   Will:      It increases your willpower.
 n - a ring of poison resistance
 p - a ring of willpower
 q - an amulet of regeneration (around neck)
 r - a +6 ring of dexterity (right hand)
 t - a +4 ring of protection
Wands
 v - a wand of paralysis (6)
 x - a wand of flame (42) (quivered)
 y - a wand of acid (9)
 D - a wand of digging (2)
 E - a wand of roots (5)
Scrolls
 e - 5 scrolls of immolation
 f - 3 scrolls of teleportation
 i - a scroll of enchant armour
 l - a scroll of vulnerability
 s - a scroll of identify
 u - a scroll of amnesia
 w - 2 scrolls of blinking
Potions
 h - 2 potions of degeneration
 j - 2 potions of attraction
 m - a potion of ambrosia
 z - a potion of brilliance
 B - a potion of haste
 G - a potion of flight


   Skills:
 + Level 7.0 Fighting
 * Level 12.4 Long Blades
 + Level 7.8 Armour
 + Level 4.1 Dodging
 + Level 2.3 Stealth
 + Level 6.7 Shields


You had 10 spell levels left.
You didn't know any spells.
Your spell library contained the following spells:

 Spells                   Type           Power      Damage    Failure   Level
 Sandblast                Erth           0%         2d4       75%         1
 Summon Small Mammal      Summ           0%         N/A       75%         1
 Passwall                 Tmut/Erth      0%         N/A       87%         2
 Static Discharge         Conj/Air       0%         3-3/arc   87%         2
 Call Canine Familiar     Summ           0%         N/A       98%         3
 Conjure Flame            Conj/Fire      0%         6-21      98%         3
 Ignite Poison            Fire/Tmut/Pois 0%         N/A       98%         3
 Stone Arrow              Conj/Erth      0%         3d7       98%         3
 Summon Guardian Golem    Hex/Summ       0%         N/A       98%         3
 Animate Armour           Summ/Erth      0%         N/A       100%        4
 Dispel Undead            Necr           0%         3d6       100%        4
 Olgreb's Toxic Radiance  Pois           0%         N/A       100%        4
 Sticky Flame             Conj/Fire      0%         2d3       100%        4
 Ozocubu's Refrigeration  Ice            0%         4d7       100%        7
 Ignition                 Fire           0%         3d3       100%        8
 Lehudib's Crystal Spear  Conj/Erth      0%         10d2      100%        8


Dungeon Overview and Level Annotations

Branches:
Dungeon (9/15)             Temple (1/1) D:4            Lair (1/5) D:9
 Bailey (visited)
    Orc: D:9-12

Altars:
Ashenzari
Cheibriados
Dithmenos
Fedhas
Gozag
Hepliaklqana
Kikubaaqudgha
Makhleb
Nemelex Xobeh
Okawaru
Qazlal
Ru
Sif Muna
Trog
Uskayaw
Vehumet
Wu Jian
Xom
Yredelemnul

Shops:
D:9 =


Innate Abilities, Weirdness & Mutations

You are completely covered in icy blue scales. (AC +4, rC+)
When hurt, damage is shared between your health and your magic reserves.
You regenerate magic rapidly.
A meltable shield of frost defends you. (SH +4)
Your touch may inflict minor irresistible damage on your foes.


Message History

You feel much better. Joseph hits you but does no damage.
The komodo dragon misses you.
You completely miss Joseph.
Joseph is heavily wounded.
You block Joseph's attack.
You slash Joseph! You burn Joseph.
Joseph is heavily wounded.
You block the komodo dragon's attack. Joseph hits you with a +0 quarterstaff!
You slash Joseph! You burn Joseph.
Joseph is severely wounded.
The komodo dragon bites you!
You hit Joseph but do no damage.
Joseph is severely wounded.
Joseph barely misses you. You block the komodo dragon's attack.
You hit Joseph but do no damage.
Joseph is severely wounded.
Joseph closely misses you.
You slash Joseph! You burn Joseph.
You kill Joseph!
The komodo dragon closely misses you. You block the komodo dragon's attack.
Items here: ! )) [.
You hit the komodo dragon but do no damage.
The komodo dragon barely misses you.
You barely miss the komodo dragon. You block the komodo dragon's attack.
You hit the komodo dragon. You burn the komodo dragon.
The komodo dragon is lightly wounded.
The komodo dragon bites you!
You hit the komodo dragon. You burn the komodo dragon.
The komodo dragon is lightly wounded.
You hit the komodo dragon but do no damage.
The komodo dragon is lightly wounded.
The komodo dragon bites you!!
* * * LOW HITPOINT WARNING * * *
You barely miss the komodo dragon.
The komodo dragon is lightly wounded.
The komodo dragon bites you!
* * * LOW HITPOINT WARNING * * *
You feel better. The komodo dragon bites you!!
You die...

## .......## .## ##.
#......P##..##
.#.###...>..##....##
...#.#.............##
#...................# #
#......#............#.#.
.......#................
..#.....................
.##......b......@.......
................l.......
............./..........
........................
.)......................
........................
...............P.....?..
.......#................
.).........


You could see a komodo dragon.

Vanquished Creatures
  An orc warlord (Bailey)
  Erica (D:9)
  2 two-headed ogres
  Amaemon (D:9)
  An orc knight (Bailey)
  Joseph (Lair:1)
  An orange demon (D:9)
  A cane toad (D:9)
  2 komodo dragons (D:9)
  Grinder (D:6)
  Prince Ribbit (D:6)
  20 yaks (D:9)
  A wyvern (D:9)
  A steam dragon (D:9)
  An acid dragon (D:9)
  2 water moccasins
  4 orc warriors
  2 black bears
  An ice beast (D:7)
  A sky beast (D:7)
  3 centaurs
  4 wolves
  2 phantoms
  2 kobold brigands
  A gnoll sergeant (D:6)
  4 bullfrogs
  A necrophage (D:3)
  5 scorpions
  7 wights
  6 killer bees
  4 howler monkeys
  4 orc priests
  6 hounds
  2 jellies
  An iguana (D:7)
  9 orc wizards
  12 gnolls
  9 adders
  A shadow imp (D:7)
  A white imp (D:8)
  4 worms
  A dart slug (D:2)
  23 orcs
  4 endoplasms
  A giant cockroach (D:1)
  11 goblins
  7 hobgoblins
  19 kobolds
  6 ball pythons
  4 bats
  2 frilled lizards
  A jackal zombie (D:3)
  A quokka zombie (D:3)
  6 rats
220 creatures vanquished.

Vanquished Creatures (others)
  A fungus (D:8)
  A plant (D:8)
2 creatures vanquished.

Grand Total: 222 creatures vanquished

Notes
Turn   | Place    | Note
-------+----------+-------------------------------------------
     0 | D:1      | SensoryNuts the Demonspawn Fighter began the quest for the
                  | Orb.
     0 | D:1      | Reached XP level 1. HP: 18/18 MP: 1/1
   406 | D:1      | Found a faded altar of an unknown god.
   755 | D:1      | Gained mutation: You are partially covered in icy blue
                  | scales. (AC +2) [demonic ancestry]
   755 | D:1      | Reached XP level 2. HP: 23/24 MP: 2/2
   922 | D:2      | Reached skill level 2 in Long Blades
  1326 | D:2      | Found a shimmering altar of Xom.
  1371 | D:2      | Gained mutation: You are mostly covered in icy blue scales.
                  | (AC +3) [demonic ancestry]
  1371 | D:2      | Reached XP level 3. HP: 25/29 MP: 3/3
  1829 | D:2      | Reached XP level 4. HP: 22/35 MP: 4/4
  2462 | D:3      | Identified the +0 leather armour of Haij {Drain rC++ rN+}
  2794 | D:3      | Found an ornate altar of the Wu Jian Council.
  2870 | D:3      | Found a basalt altar of Yredelemnul.
  3011 | D:3      | Found a shimmering altar of Xom.
  3087 | D:4      | Noticed a phantom
  3087 | D:4      | Noticed a necrophage
  3087 | D:4      | Noticed a bullfrog
  3102 | D:3      | Killed a necrophage
  3103 | D:3      | Reached skill level 3 in Long Blades
  3103 | D:3      | Gained mutation: You regenerate magic rapidly. [demonic
                  | ancestry]
  3103 | D:3      | Reached XP level 5. HP: 27/41 MP: 5/5
  3218 | D:3      | Killed a phantom
  3219 | D:3      | Reached skill level 4 in Long Blades
  3222 | D:3      | Gained mutation: A meltable shield of frost defends you.
                  | (SH +4) [demonic ancestry]
  3222 | D:3      | Reached XP level 6. HP: 31/48 MP: 6/6
  3363 | D:4      | Reached skill level 1 in Dodging
  3568 | D:4      | Identified the ring "Riorgheyg" {Will+ MP-9 Str+3 Dex+3}
  4217 | D:4      | Gained mutation: You are completely covered in icy blue
                  | scales. (AC +4, rC+) [demonic ancestry]
  4217 | D:4      | Reached XP level 7. HP: 14/53 MP: 7/7
  4595 | D:4      | Found a staircase to the Ecumenical Temple.
  4608 | Temple   | Entered the Ecumenical Temple
  5000 | D:5      | Entered Level 5 of the Dungeon
  5000 | D:5      | Found a blossoming altar of Fedhas.
  5046 | D:5      | Reached skill level 5 in Long Blades
  5365 | D:5      | Found a stormy altar of Qazlal.
  5622 | D:6      | Noticed Grinder
  5635 | D:6      | Killed Grinder
  5687 | D:6      | Reached skill level 6 in Long Blades
  5687 | D:6      | Reached XP level 8. HP: 60/60 MP: 0/8
  5767 | D:6      | Found a broken altar of Ashenzari.
  5936 | D:6      | Noticed Prince Ribbit
  5960 | D:6      | Killed Prince Ribbit
  6065 | D:6      | Reached skill level 5 in Armour
  6610 | D:6      | Reached skill level 7 in Long Blades
  6878 | D:7      | Gained mutation: When hurt, damage is shared between your
                  | health and your magic reserves. [demonic ancestry]
  6878 | D:7      | Reached XP level 9. HP: 60/66 MP: 0/9
  7190 | D:7      | Reached skill level 8 in Long Blades
  7875 | D:7      | Reached skill level 5 in Fighting
  8320 | D:8      | Reached skill level 5 in Shields
  8711 | D:8      | Reached skill level 9 in Long Blades
  9195 | D:8      | Noticed a two-headed ogre
  9204 | D:8      | Killed a two-headed ogre
  9205 | D:8      | Gained mutation: Your touch may inflict minor irresistible
                  | damage on your foes. [demonic ancestry]
  9205 | D:8      | Reached XP level 10. HP: 55/74 MP: 1/10
  9468 | D:8      | Found a sacrificial altar of Ru.
  9788 | D:9      | Found a flagged portal.
  9794 | D:9      | Identified the +10 hand axe of Chaos {distort, rElec rPois}
  9826 | Bailey   | Entered a bailey
  9831 | Bailey   | Noticed an orc warlord
  9861 | Bailey   | Reached skill level 1 in Stealth
  9873 | Bailey   | Noticed an orc knight
  9890 | Bailey   | Killed an orc knight
  9893 | Bailey   | Reached skill level 10 in Long Blades
 10291 | Bailey   | Found a runed translucent gate.
 10291 | Bailey   | Found a runed translucent gate.
 10291 | Bailey   | Found a runed translucent gate.
 10632 | Bailey   | Killed an orc warlord
 10978 | D:9      | Acquired an amulet of regeneration
 11204 | D:9      | Found Lupo Las's Jewellery Shoppe.
 11230 | D:9      | Noticed Erica
 11236 | D:9      | Reached skill level 11 in Long Blades
 11258 | D:9      | Killed Erica
 11259 | D:9      | Reached XP level 11. HP: 15/82 MP: 0/11
 11359 | D:9      | Noticed a two-headed ogre
 11372 | D:9      | Killed a two-headed ogre
 11387 | D:9      | Noticed Amaemon
 11419 | D:9      | Killed Amaemon
 11993 | D:9      | Reached skill level 12 in Long Blades
 12038 | D:9      | Found a staircase to the Lair.
 12382 | Lair:1   | Entered Level 1 of the Lair of Beasts
 12510 | Lair:1   | Noticed Joseph
 12525 | Lair:1   | Killed Joseph
 12533 | Lair:1   | Slain by a komodo dragon

Illustrated notes

Levels and vault maps discovered:
D:1:      wheals_arrival_shading, layout_basic,
          shapermc_ecumenical_altar_pompeii, grunt_decor_one_mirror,
          lemuel_old_faithful
D:2:      layout_basic, basic_altar
D:3:      layout_loops_cross, lemuel_zombie_altar_yredelemnul,
          nzn_wu_jian_council_hall, mainiacjoe_overflow_alcove_4
D:4:      layout_basic, temple_fountains, minivault_27
D:5:      layout_basic, mainiacjoe_overflow_divided_tiny, fedhas_ov_isle_minmay
D:6:      layout_basic, nicolae_ashenzari_panopticon,
          corexii_item_surrounded_by_moat, uniq_prince_ribbit1, uniq_grinder
D:7:      nicolae_cairo_tiling_very_big, layout_loops_corners, nicolae_sextant,
          small_statue_intersection
D:8:      layout_basic, zin_academy, nicolae_ru_the_path_less_chosen
D:9:      layout_rooms, erik_lair_dragon, serial_shops, shop, enter_bailey_2,
          uniq_amaemon, uniq_erica
Temple:   nicolae_temple_ecumenical_triangle
Lair:1:   layout_cave_shapes, lemuel_fruit_fields, uniq_joseph

Skill      XL: |  1  2  3  4  5  6  7  8  9 10 11 |
---------------+----------------------------------+-----
Long Blades    | 2 3 4 6 7 9 11 12 | 12.4
Armour         | 3 4 5 6 7 |  7.8
Shields        | 3 4 5 6 |  6.7
Dodging        | 1 2 3 4 |  4.1
Fighting       | 4 5 6 7 |  7.0
Stealth        | 2 |  2.3

Action                   |  1- 3 |  4- 6 |  7- 9 | 10-12 || total
-------------------------+-------+-------+-------+-------++-------
Melee: Long sword        |   100 |   132 |   258 |   326 ||   816
       Scimitar          |       |       |       |    59 ||    59
  Use: Potion            |     1 |     1 |       |    12 ||    14
       Scroll            |       |    13 |     4 |     9 ||    26
 Stab: Distracted        |       |     1 |       |     4 ||     5
Armor: Scale mail        |    64 |    87 |   114 |   132 ||   397
       Skin              |       |       |       |     3 ||     3
Dodge: Dodged            |    48 |    77 |    83 |   122 ||   330
Block: Buckler           |    28 |    57 |   108 |   197 ||   390
